AoeStats
← tic.tac.toe

Glade

510396404Analyzed
1v1 RM · 1d ago on Sep 30, 2026· 38m 46s· 2 players
Game mode
Random Map
Map size
Tiny (2 player)
Population
200
Speed
Normal
Resources
Standard
Victory
Conquest
Starting age
Dark Age
Ending age
Imperial Age
RankedLock teamsTeams togetherTeam positionsShared explorationLock speedFull tech treeHidden civsTurbo modeCheats
Victory
Defeat
🇦🇷 Cumans · Argentina
1517
+15
🇧🇾 Japanese · Belarus
1488
-15
tic.tac.toe
13:26 Feudal Age
15:03 Double-Bit Axe
17:27 Castle Age
15:56 Loom
16:44 Horse Collar
19:52 Wheelbarrow
20:02 Bow Saw
26:38 Heavy Plow
27:04 Gold Mining
27:28 Town Watch
32:01 Imperial Age
30:30 Fletching
31:20 Masonry
31:11 Bodkin Arrow
32:19 Fortified Wall
32:44 Hand Cart
32:30 Stone Mining
34:26 Ballistics
34:38 Scale Mail Armor
34:48 Forging
34:39 Bracer
35:45 Chemistry
35:49 Chain Mail Armor
36:09 Iron Casting
35:35 Squires
34:58 Pikeman
36:29 Halberdier
38:54 Scale Barding Armor
39:22 Plate Mail Armor
eloty
6:12 Loom
8:56 Feudal Age
11:53 Double-Bit Axe
15:59 Horse Collar
17:15 Wheelbarrow
21:12 Castle Age
19:18 Gold Mining
20:02 Town Watch
20:44 Fletching
24:23 Hand Cart
25:38 Heavy Plow
25:50 Bow Saw
30:07 Imperial Age
28:12 Steppe Husbandry
28:20 Scale Barding Armor
28:53 Forging
29:10 Bloodlines
30:08 Chain Barding Armor
30:16 Light Cavalry
32:10 Plate Barding Armor
33:13 Conscription
37:15 Elite Skirmisher
37:36 Crossbowman
38:22 Thumb Ring
Connection lost

Rejoining the realm…

Still unreachable

The connection could not be restored.

Session expired

The server has moved on; the page needs a fresh start.